[Event "ICC tourney 1955 (60 10)"]
[Site "Internet Chess Club"]
[Date "2020.08.08"]
[Round "5"]
[White "adelie"]
[Black "abi2009"]
[Result "1-0"]
[ICCResult "Black resigns"]
[WhiteElo "1974"]
[BlackElo "1781"]
[Opening "English opening"]
[ECO "A30"]
[NIC "QP.11"]
[Time "15:21:03"]
[TimeControl "3600+10"]

1. Nf3 Nf6 2. c4 c5 3. g3 Nc6 4. Bg2 e6 5. O-O Be7 6. Nc3 O-O 7. d4 cxd4 8.
Nxd4 a6 9. Bf4 Qb6 10. Nb3 e5 11. Bg5 Qd8 12. c5 h6 13. Bxf6 Bxf6 14. Nd5
Be7 15. Nb6 Rb8 16. Nc4 Qc7 17. Qd5 a5 18. Rac1 Nb4 19. Qxe5 Qxe5 20. Nxe5
a4 21. Nd2 d6 22. cxd6 Bxd6 23. Nec4 Be7 24. a3 Na6 25. Nb6 Be6 26. Nxa4 b5
27. Nc3 b4 28. Nd5 Bxd5 29. Bxd5 bxa3 30. bxa3 Rfd8 31. e4 Bxa3 32. Ra1 Bb4
33. Nc4 Nc7 34. Bxf7+ Kxf7 35. Ra7 Rdc8 36. Ne5+ Kg8 37. Nc6 Nb5 38. Ra6 Ra8
39. Nxb4 Rxa6 40. Nxa6 Nc3 41. Re1 Rc6 42. Nb8 Rb6 43. Nd7 Rd6 44. Ne5 Re6
45. f4 Ra6 46. Re3 Ra1+ 47. Kg2 Ra2+ 48. Kf3 Nb5 49. h3 h5 50. f5 Kh7 51.
Rd3 Rh2 52. Rd8 Nc3 53. Ng6 {Black resigns} 1-0

[Event "ICC tourney 1955 (60 10)"]
[Site "Internet Chess Club"]
[Date "2020.08.08"]
[Round "5"]
[White "clair"]
[Black "LawrenceTu"]
[Result "1-0"]
[ICCResult "Black resigns"]
[WhiteElo "1742"]
[BlackElo "1872"]
[Opening "Queen's pawn, Mason variation"]
[ECO "D00"]
[NIC "QP.08"]
[Time "15:20:21"]
[TimeControl "3600+10"]

1. d4 d5 2. Bf4 e6 3. e3 Nf6 4. Nf3 Bd6 5. Bg3 Bxg3 6. hxg3 Qd6 7. Nbd2 Nbd7
8. Bd3 c5 9. c3 b6 10. e4 dxe4 11. Nxe4 Qe7 12. Qa4 O-O 13. dxc5 bxc5 14.
Nxf6+ Nxf6 15. g4 g6 16. g5 Nd5 17. Qh4 f5 18. O-O-O Bb7 19. Ne5 Qg7 20. Bc4
Rfe8 21. Nd3 Rac8 22. Rde1 Rc7 23. f3 Qd7 24. Ne5 Qg7 25. Nd3 Qd7 26. Nf4
Nxf4 27. Qxf4 Rcc8 28. Re5 Bd5 29. Rd1 Red8 30. Qe3 Qf7 31. Bxd5 exd5 32.
Re7 f4 33. Qe1 Re8 34. Rxf7 Rxe1 35. Rxa7 Re2 36. Rd2 Re5 37. a4 Rxg5 38. a5
Rf5 39. Re2 Rf7 40. Ree7 Rxe7 41. Rxe7 Ra8 42. b4 cxb4 43. cxb4 h5 44. Kd2
g5 45. Rd7 g4 46. Rxd5 gxf3 47. gxf3 h4 48. Rh5 {Black resigns} 1-0

[Event "ICC tourney 1955 (60 10)"]
[Site "Internet Chess Club"]
[Date "2020.08.08"]
[Round "5"]
[White "Boldmann"]
[Black "mathewjiang"]
[Result "1-0"]
[ICCResult "Black resigns"]
[WhiteElo "1910"]
[BlackElo "1807"]
[Opening "Scandinavian (center counter) defense"]
[ECO "B01"]
[NIC "SD.01"]
[Time "15:21:14"]
[TimeControl "3600+10"]

1. e4 d5 2. exd5 Qxd5 3. Nc3 Qa5 4. d4 c6 5. Bc4 Nf6 6. Nf3 Bf5 7. O-O e6 8.
Bd3 Bg6 9. Ne5 Be7 10. Re1 O-O 11. Nxg6 hxg6 12. Ne4 Nbd7 13. c3 Qc7 14.
Nxf6+ Nxf6 15. Bg5 Nd5 16. Bxe7 Qxe7 17. Qg4 Qf6 18. g3 Rad8 19. h4 Ne7 20.
Re5 Rd5 21. Rxd5 Nxd5 22. Qe4 Ne7 23. h5 Nf5 24. hxg6 Qxg6 25. Qf4 Qf6 26.
Bxf5 Qxf5 27. Qxf5 exf5 28. Re1 f6 29. Re7 Rf7 30. Rxf7 Kxf7 31. f4 Ke6 32.
c4 g5 33. Kf2 b5 34. b3 Kd6 35. Ke3 a6 36. Kd3 bxc4+ 37. Kxc4 Kd7 38. Kc5
Kc7 39. d5 cxd5 40. Kxd5 Kd7 41. b4 Kc7 42. Ke6 Kb6 43. Kxf6 gxf4 44. gxf4
Kb5 45. Kxf5 Kxb4 46. Ke4 Ka4 47. f5 Ka3 48. f6 Kxa2 49. f7 a5 50. f8=Q a4
51. Qb4 a3 52. Kd4 Ka1 53. Qxa3+ Kb1 54. Qc3 {Black resigns} 1-0

[Event "ICC tourney 1955 (60 10)"]
[Site "Internet Chess Club"]
[Date "2020.08.08"]
[Round "5"]
[White "Lonestarpawn"]
[Black "FamilyFork"]
[Result "1-0"]
[ICCResult "Black checkmated"]
[WhiteElo "2015"]
[BlackElo "1804"]
[Opening "Ruy Lopez: closed defense"]
[ECO "C84"]
[NIC "RL.13"]
[Time "15:54:29"]
[TimeControl "3600+10"]

1. e4 e5 2. Nf3 Nc6 3. Bb5 a6 4. Ba4 Nf6 5. O-O Be7 6. d3 b5 7. Bb3 d6 8. c3
O-O 9. h3 Na5 10. Bc2 c5 11. a4 b4 12. Nbd2 g6 13. d4 cxd4 14. cxd4 Qc7 15.
Re1 Be6 16. d5 Bd7 17. Nf1 Rfc8 18. Bd3 Nh5 19. Bd2 Qb6 20. g4 Nf4 21. Bxf4
exf4 22. Qd2 Nb3 23. Qxf4 Nxa1 24. Rxa1 f6 25. Ne3 g5 26. Qg3 Rc5 27. h4 h6
28. hxg5 hxg5 29. Kg2 Kg7 30. Rh1 Rcc8 31. e5 Rh8 32. e6 Rxh1 33. Nf5+ Kf8
34. Kxh1 Ke8 35. Qh2 Kd8 36. Nxe7 Bxe6 37. dxe6 Kxe7 38. Qh7+ Kxe6 39. Bf5+
Kd5 40. Be4+ Ke6 41. Bxa8 Qxf2 42. Qe4+ Kd7 43. Qc6+ Ke7 44. Qxa6 Qxb2 45.
Qa7+ Ke6 46. Nd4+ Ke5 47. Qe7+ Kf4 48. Qxf6+ Kg3 49. Qf3+ Kh4 50. Nf5#
{Black checkmated}
1-0

[Event "ICC tourney 1955 (60 10)"]
[Site "Internet Chess Club"]
[Date "2020.08.08"]
[Round "5"]
[White "ocean112005"]
[Black "Coolio9000"]
[Result "1-0"]
[ICCResult "Black resigns"]
[WhiteElo "1767"]
[BlackElo "1849"]
[Opening "Queen's pawn, Mason variation"]
[ECO "D00"]
[NIC "QP.08"]
[Time "15:20:43"]
[TimeControl "3600+10"]

1. d4 d5 2. Bf4 Nf6 3. e3 c5 4. c3 Qb6 5. Qb3 c4 6. Qc2 Nc6 7. Nd2 Bg4 8. h3
Bh5 9. Ngf3 Bg6 10. Qc1 h6 11. Be2 e6 12. O-O Be7 13. Ne5 Bh7 14. Nxc6 bxc6
15. Bd1 g5 16. Bg3 h5 17. Bc2 h4 18. Bh2 g4 19. hxg4 Nxg4 20. Nf3 Be4 21.
Bxe4 dxe4 22. Ne5 Nxh2 23. Kxh2 Qc7 24. Kg1 Rg8 25. Qc2 f5 26. Nxc4 Bd6 27.
Nxd6+ Qxd6 28. Rad1 Qe7 29. Kh2 Qc7+ 30. Kh1 O-O-O 31. c4 Qh7 32. d5 h3 33.
g3 h2 34. Qe2 e5 35. dxc6 Qh3 36. c5 Rd3 37. Rxd3 exd3 38. Qxd3 Qg4 39. Qd7+
{Black resigns}
1-0

[Event "ICC tourney 1955 (60 10)"]
[Site "Internet Chess Club"]
[Date "2020.08.08"]
[Round "5"]
[White "mikoyansuren"]
[Black "aadit1709"]
[Result "1-0"]
[ICCResult "Black resigns"]
[WhiteElo "1870"]
[BlackElo "1985"]
[Opening "Trompowsky attack (Ruth, Opocenský opening)"]
[ECO "A45"]
[NIC "QP.07"]
[Time "15:21:07"]
[TimeControl "3600+10"]

1. d4 Nf6 2. Bg5 d5 3. e3 Nbd7 4. Ne2 h6 5. Bh4 e6 6. c4 c6 7. Nbc3 dxc4 8.
a4 Bb4 9. Nc1 b5 10. Qf3 Qa5 11. Na2 Nd5 12. e4 Nxc3 13. bxc3 Ba3 14. Be2 e5
15. O-O exd4 16. cxd4 Bb2 17. Rab1 Bxd4 18. Rfd1 Bf6 19. Bxf6 Nxf6 20. e5
Nd5 21. Rxb5 cxb5 22. Qxd5 O-O 23. Qxa8 Qxa4 24. Nc3 Qc2 25. Qf3 b4 26. Nd5
Bb7 27. Kf1 Ba8 28. Qg4 Bxd5 29. Rxd5 b3 30. Qxc4 Rc8 31. Qd3 Qc1+ 32. Bd1
b2 33. Rb5 a6 34. Rb7 a5 35. e6 fxe6 36. Qd7 Qc4+ 37. Kg1 Qc3 38. Qxe6+ Kh8
39. g4 Rd8 40. Kg2 Qc1 41. Qg6 Rg8 42. Bc2 {Black resigns} 1-0

[Event "ICC tourney 1955 (60 10)"]
[Site "Internet Chess Club"]
[Date "2020.08.08"]
[Round "5"]
[White "firewoods"]
[Black "chesslead"]
[Result "1/2-1/2"]
[ICCResult "Game drawn by mutual agreement"]
[WhiteElo "2168"]
[BlackElo "1997"]
[Opening "Pirc defense"]
[ECO "B07"]
[NIC "PU.08"]
[Time "15:19:56"]
[TimeControl "3600+10"]

1. e4 d6 2. d4 Nf6 3. Nc3 Nbd7 4. f4 e5 5. Nf3 exd4 6. Qxd4 c6 7. Bc4 d5 8.
exd5 Bc5 9. Qd3 O-O 10. dxc6 Re8+ 11. Kf1 bxc6 12. Bd2 Nb6 13. Qxd8 Rxd8 14.
Bd3 Nbd5 15. Re1 Nb4 16. Be3 Nxd3 17. cxd3 Bxe3 18. Rxe3 Ng4 19. Re7 Ba6 20.
h3 Bxd3+ 21. Kg1 Nf6 22. Ne5 Bg6 23. g4 Be4 24. Nxe4 Nxe4 25. Nxc6 Rd6 26.
Rxe4 Rxc6 27. Rh2 Rac8 28. Rd2 h6 29. Re7 a6 30. Ra7 Rf6 31. Kg2 g6 32. Kg3
Rc1 33. Rd8+ Kg7 34. Raa8 Rb6 35. Rab8 Re6 36. Re8 Rxe8 37. Rxe8 Rb1 38. Rb8
Ra1 39. a3 Rg1+ 40. Kf3 Rf1+ 41. Ke4 Re1+ 42. Kf3 Rf1+ 43. Kg3 Rg1+ 44. Kf2
Rh1 45. Rb3 Rh2+ 46. Kg3 Rd2 47. Kf3 Rh2 48. Ke4 Re2+ 49. Kd5 Rf2 50. Rb6 a5
51. Rb5 a4 52. Rb4 h5 53. gxh5 gxh5 54. Ke5 Kg6 55. Ke4 h4 56. Rxa4 Rxb2 57.
Ra6+ Kg7 58. Kf5 Rg2 59. a4 Rg3 60. a5 Rxh3 61. Kg4 Rh1 62. Rb6 Ra1 63. a6
Ra4 {Game drawn by mutual agreement} 1/2-1/2

[Event "ICC tourney 1955 (60 10)"]
[Site "Internet Chess Club"]
[Date "2020.08.08"]
[Round "5"]
[White "KnightHawk8"]
[Black "MateOnF7"]
[Result "1-0"]
[ICCResult "Black checkmated"]
[WhiteElo "2111"]
[BlackElo "1888"]
[Opening "Giuoco Piano"]
[ECO "C54"]
[NIC "IG.02"]
[Time "15:20:27"]
[TimeControl "3600+10"]

1. e4 e5 2. Nf3 Nc6 3. Bc4 Bc5 4. c3 Nf6 5. d3 d6 6. Nbd2 O-O 7. Bb3 Bg4 8.
O-O Re8 9. Re1 a6 10. h3 Bh5 11. Nf1 h6 12. g4 Bg6 13. g5 hxg5 14. Bxg5 Qd7
15. Bxf6 gxf6 16. Kh2 Kg7 17. Ne3 Rh8 18. h4 Bxe3 19. fxe3 Bh5 20. Rh1 Bxf3
21. Qxf3 Rxh4+ 22. Kg3 Rxh1 23. Rxh1 Rg8 24. Kf2 Ne7 25. Qh5 Kf8 26. Qxf7#
{Black checkmated}
1-0

[Event "ICC tourney 1955 (60 10)"]
[Site "Internet Chess Club"]
[Date "2020.08.08"]
[Round "5"]
[White "fork321"]
[Black "pika0008"]
[Result "1-0"]
[ICCResult "Black resigns"]
[WhiteElo "1926"]
[BlackElo "1601"]
[Opening "QGD semi-Slav: 5.e3"]
[ECO "D45"]
[NIC "SL.08"]
[Time "15:21:14"]
[TimeControl "3600+10"]

1. d4 d5 2. c4 c6 3. e3 Nf6 4. Nc3 e6 5. Nf3 Bd6 6. Qc2 O-O 7. b3 Nbd7 8.
Bb2 Re8 9. Bd3 e5 10. dxe5 Nxe5 11. Nxe5 Bxe5 12. cxd5 cxd5 13. Ne2 Qa5+ 14.
Bc3 Bxc3+ 15. Qxc3 Qxc3+ 16. Nxc3 a6 17. O-O Bg4 18. h3 Bh5 19. g4 Bg6 20.
Rfd1 Rac8 21. Rac1 b5 22. Bxg6 hxg6 23. Nxd5 Nxd5 24. Rxc8 Rxc8 25. Rxd5 Rc2
26. a4 bxa4 27. bxa4 Rc4 28. Rd4 Rc6 29. Kg2 Kf8 30. Re4 f6 31. Kg3 Kf7 32.
f4 f5 33. Re5 Kf6 34. a5 Rc3 35. Kf3 Rc1 36. Rd5 Ke6 37. Re5+ Kf6 38. Ke2
Rh1 39. Rc5 Rxh3 40. g5+ Kf7 41. Rc7+ Kf8 42. Rc6 Kf7 43. Rxa6 Rh2+ 44. Kd3
Ra2 45. Ra7+ Kf8 46. Kd4 Ra4+ 47. Kd3 Ra3+ 48. Kd4 Ra4+ 49. Kd5 Re4 50. Ra6
Rxe3 51. Rxg6 Re4 52. a6 Rxf4 53. Rb6 Ra4 54. Ke6 Re4+ 55. Kxf5 Ra4 56. Rb8+
Ke7 57. Rb7+ Kf8 58. a7 Ra5+ 59. Kg6 Ra6+ 60. Kh5 g6+ 61. Kh6 Ra4 62. Kxg6
Ra6+ 63. Kh5 {Black resigns} 1-0

[Event "ICC tourney 1955 (60 10)"]
[Site "Internet Chess Club"]
[Date "2020.08.08"]
[Round "5"]
[White "Natey"]
[Black "pianopro32"]
[Result "0-1"]
[ICCResult "White checkmated"]
[WhiteElo "1656"]
[BlackElo "2021"]
[Opening "Sicilian: Kan, 5.Nc3"]
[ECO "B43"]
[NIC "SI.41"]
[Time "15:20:18"]
[TimeControl "3600+10"]

1. e4 c5 2. Nf3 e6 3. d4 cxd4 4. Nxd4 a6 5. Nc3 Qc7 6. Be3 Bb4 7. Qd2 Nf6 8.
Bd3 d5 9. exd5 Nxd5 10. Nde2 b5 11. O-O Nxe3 12. Qxe3 Bb7 13. Be4 O-O 14.
Bxb7 Qxb7 15. Rad1 Nd7 16. Qd4 Bxc3 17. Nxc3 Nf6 18. a3 Rac8 19. Rfe1 Rc4
20. Qe5 Rg4 21. g3 h5 22. h3 Rc4 23. Rd4 Rfc8 24. Red1 R8c5 25. Qe3 Rxd4 26.
Rxd4 Rf5 27. Qd3 g6 28. Rd8+ Kg7 29. Qd6 Nh7 30. Qd4+ e5 31. Qd5 Qb6 32. Nd1
Ng5 33. Kg2 Ne4 34. Qxe4 Qxd8 35. Ne3 Rf6 36. Nd5 Re6 37. Ne3 Qd4 38. Qxd4
exd4 39. Nd5 Re2 40. Nb4 a5 41. Nc6 Rxc2 42. Nxd4 Rxb2 43. Kf3 b4 44. axb4
Rxb4 45. Ke3 a4 46. Nc2 Rb3+ 47. Kd2 a3 48. Na1 Rb1 49. Nc2 a2 50. f4 Rb2
51. Kc1 Rxc2+ 52. Kxc2 a1=Q 53. Kd3 Qh1 54. g4 Qxh3+ 55. Ke4 Qxg4 56. Ke5
f6+ 57. Kd6 Qxf4+ 58. Kd5 Qe5+ 59. Kc4 Kf7 60. Kd3 Ke6 61. Kc2 Kd5 62. Kd1
Kd4 63. Kc2 Qe3 64. Kb1 Qd2 65. Ka1 Kc3 66. Kb1 Qb2# {White checkmated} 0-1

[Event "ICC tourney 1955 (60 10)"]
[Site "Internet Chess Club"]
[Date "2020.08.08"]
[Round "5"]
[White "HR2005"]
[Black "asergeev"]
[Result "0-1"]
[ICCResult "White resigns"]
[WhiteElo "2061"]
[BlackElo "1962"]
[Opening "Caro-Kann: advance variation"]
[ECO "B12"]
[NIC "CK.04"]
[Time "15:20:53"]
[TimeControl "3600+10"]

1. e4 c6 2. d4 d5 3. e5 Bf5 4. h4 h5 5. Bd3 Bxd3 6. Qxd3 e6 7. Bg5 Be7 8.
Nf3 Qb6 9. Nbd2 Qa6 10. c4 Nd7 11. O-O Rd8 12. Rfd1 Nb6 13. b3 Bxg5 14. Nxg5
Ne7 15. Rac1 Nf5 16. Ndf3 dxc4 17. bxc4 Qxa2 18. d5 cxd5 19. c5 Nd7 20. Ra1
Qc4 21. Qxc4 dxc4 22. Rxa7 O-O 23. Rxb7 Nxc5 24. Rxd8 Nxb7 25. Rd7 Na5 26.
Ra7 Nb3 27. Rc7 Na5 28. g3 Rb8 29. Nxf7 Rb7 30. Rxb7 Nxb7 31. N7g5 c3 32.
Ne1 Nd4 33. f4 Nc5 34. Kf2 c2 35. Nxc2 Nxc2 36. Kf3 Nd4+ 37. Ke3 Nf5+ 38.
Kf3 Nh6 39. Ke3 Nf7 40. Kd4 Nxg5 41. hxg5 Nb7 42. g6 Kf8 43. Ke3 Nd8 44. Kf3
Nc6 45. g4 hxg4+ 46. Kxg4 Ne7 47. Kg5 Nf5 48. Kg4 Ke7 49. Kf3 Kd7 50. Ke4
Kc6 51. Kf3 Kd5 52. Kg4 Ke4 53. Kh5 Nh6 54. Kg5 Ke3 55. f5 Nxf5 56. Kh5 Ke4
57. Kg4 Kxe5 58. Kg5 {White resigns} 0-1

[Event "ICC tourney 1955 (60 10)"]
[Site "Internet Chess Club"]
[Date "2020.08.08"]
[Round "5"]
[White "pianoboy"]
[Black "MATEPROOF"]
[Result "0-1"]
[ICCResult "White resigns"]
[WhiteElo "1891"]
[BlackElo "2177"]
[Opening "Benkö gambit"]
[ECO "A57"]
[NIC "BI.46"]
[Time "15:21:14"]
[TimeControl "3600+10"]

1. d4 Nf6 2. c4 c5 3. d5 b5 4. b3 b4 5. Bb2 g6 6. g3 Bg7 7. Bg2 d6 8. e4 O-O
9. Ne2 a5 10. O-O a4 11. a3 axb3 12. Qxb3 Qb6 13. Nd2 Nbd7 14. h3 bxa3 15.
Rxa3 Rxa3 16. Qxa3 Bb7 17. Rb1 Qc7 18. Bc3 Ra8 19. Qb2 Bc8 20. f4 Ra6 21.
Kf2 Qa7 22. Nc1 Ra3 23. Ndb3 Qa4 24. Qxa3 Qxa3 25. Ra1 Qxa1 26. Bxa1 Nb6 27.
e5 Ne8 28. Bf1 Ba6 29. Na5 Nc7 30. Ncb3 Kf8 31. Be2 Nd7 32. Nc6 Nb6 33. Nba5
h5 34. Nxe7 dxe5 35. Nec6 exf4 36. Bxg7+ Kxg7 37. gxf4 Ne8 38. Ke3 Nd6 39.
Nb3 Bxc4 40. Nxc5 Nxd5+ 41. Kd4 Bxe2 42. Kxd5 Nf5 43. Nd4 Nxd4 44. Kxd4 h4
45. Ne4 Bf1 46. Nf2 Kf6 47. Ke3 Kf5 48. Kf3 f6 49. Ke3 Bg2 50. Ng4 Bxh3 51.
Nh6+ Ke6 52. Kf3 f5 53. Kf2 Kf6 54. Ng8+ Kf7 55. Nh6+ Kg7 {White resigns}
0-1

[Event "ICC tourney 1955 (60 10)"]
[Site "Internet Chess Club"]
[Date "2020.08.08"]
[Round "5"]
[White "BreatheChessAls"]
[Black "Javierof"]
[Result "0-1"]
[ICCResult "White resigns"]
[WhiteElo "1931"]
[BlackElo "2168"]
[Opening "Queen's pawn: London system"]
[ECO "A45"]
[NIC "QP.07"]
[Time "15:25:21"]
[TimeControl "3600+10"]

1. d4 Nf6 2. Bf4 g6 3. e3 Bg7 4. Nf3 d6 5. Be2 Nbd7 6. h3 O-O 7. O-O Re8 8.
c4 c5 9. Nc3 a6 10. d5 h6 11. Qd2 g5 12. Bg3 Nf8 13. Qc2 Bd7 14. a4 Rb8 15.
e4 Nh5 16. Bh2 Nf4 17. Qd2 N8g6 18. h4 Nxe2+ 19. Qxe2 g4 20. Nd2 Nxh4 21. e5
Nf5 22. Qe4 Nd4 23. exd6 exd6 24. Qf4 Re5 25. Nde4 Qe7 26. Rae1 f5 27. Qd2
Rxe4 28. Nxe4 fxe4 29. Qf4 Nf5 30. Rxe4 Qh4 31. Qd2 Bd4 32. Qd1 h5 33. Qe2
Rf8 34. b3 Qg5 35. Bf4 Qg6 36. Kh1 Kg7 37. g3 h4 38. Kg2 h3+ 39. Kh2 Rf7 40.
Be5+ Kh7 41. Rxg4 Qh5 42. Rh4 Qxh4 43. gxh4 Bxe5+ 44. f4 Bd4 45. Qh5+ Nh6
46. Re1 Bg4 47. Qg5 Bf6 48. Re6 Bxg5 49. hxg5 Bxe6 {White resigns} 0-1

[Event "ICC tourney 1955 (60 10)"]
[Site "Internet Chess Club"]
[Date "2020.08.08"]
[Round "5"]
[White "Atharva10"]
[Black "sushivishwa"]
[Result "1-0"]
[ICCResult "Black checkmated"]
[WhiteElo "2055"]
[BlackElo "1819"]
[Opening "Ruy Lopez: 5.O-O"]
[ECO "C78"]
[NIC "RL.12"]
[Time "15:20:16"]
[TimeControl "3600+10"]

1. e4 e5 2. Nf3 Nc6 3. Bb5 a6 4. Ba4 Nf6 5. O-O b5 6. Bb3 Bc5 7. Nxe5 Nxe5
8. d4 Bxd4 9. Qxd4 d6 10. c3 Bb7 11. f3 c5 12. Qf2 Nd3 13. Qg3 Nxc1 14. Qxg7
Ne2+ 15. Kf2 Rf8 16. Kxe2 c4 17. Bc2 Rg8 18. Qh6 Rxg2+ 19. Rf2 Rg1 20. Rf1
Rg6 21. Qe3 Qe7 22. Nd2 Nd7 23. Rae1 Nc5 24. Kd1 O-O-O 25. Kc1 Rg2 26. Qf4
Ne6 27. Qe3 Qh4 28. f4 Rdg8 29. e5 Qxh2 30. Rd1 dxe5 31. fxe5 Re2 32. Qb6
Rf8 33. Bf5 Re8 34. Bg4 Re7 35. Rxf7 Rxf7 36. Qxe6+ Kb8 37. Bxe2 Rf2 38.
Qd6+ Ka8 39. Bg4 Qf4 40. Qd8+ Ka7 41. e6 Qxg4 42. e7 Bc6 43. Qc7+ Bb7 44.
Qc5+ Kb8 45. e8=Q+ Qc8 46. Qexc8+ Bxc8 47. Qxf2 b4 48. Nxc4 bxc3 49. bxc3 h5
50. Kd2 h4 51. Rb1+ Kc7 52. Qf7+ Kc6 53. Ne5+ Kd6 54. Nc4+ Kc5 55. Qh5+ Kxc4
56. Rb4# {Black checkmated} 1-0

[Event "ICC tourney 1955 (60 10)"]
[Site "Internet Chess Club"]
[Date "2020.08.08"]
[Round "5"]
[White "Samuel-Colt"]
[Black "Alexbander"]
[Result "1-0"]
[ICCResult "Black checkmated"]
[WhiteElo "1854"]
[BlackElo "1716"]
[Opening "Catalan: closed, 6...Nbd7"]
[ECO "E07"]
[NIC "CA.04"]
[Time "15:20:05"]
[TimeControl "3600+10"]

1. d4 d5 2. c4 e6 3. g3 Nf6 4. Bg2 Be7 5. Nf3 O-O 6. O-O Nbd7 7. Nbd2 c5 8.
cxd5 exd5 9. dxc5 Nxc5 10. Nb3 Bf5 11. Nbd4 Be4 12. b4 Ne6 13. a3 Nxd4 14.
Qxd4 b6 15. Bb2 Nh5 16. Qd2 Bf6 17. Bd4 Qd6 18. Rfd1 Rac8 19. Rac1 h6 20.
Qb2 Bxd4 21. Rxd4 Rc7 22. Rxc7 Qxc7 23. Nd2 Bxg2 24. Kxg2 Nf6 25. Nf1 Rd8
26. Ne3 Kf8 27. b5 Qe5 28. Qb4+ Kg8 29. Qd2 Ne4 30. Qd3 Nf6 31. Nc4 Qe7 32.
Ne3 Qc5 33. Nc2 Rc8 34. Nb4 Qc3 35. Nc6 Qxd3 36. Rxd3 Rc7 37. Kf3 g5 38. h3
Kg7 39. Ke3 Kf8 40. Kd4 a6 41. a4 axb5 42. axb5 Ne4 43. Kxd5 Nxf2 44. Ra3
Nxh3 45. Ra8+ Kg7 46. Ra6 Rd7+ 47. Ke5 Rb7 48. Kd6 Ng1 49. Nd4 h5 50. Kc6
Rb8 51. Rxb6 Rxb6+ 52. Kxb6 h4 53. gxh4 gxh4 54. Nf5+ Kf6 55. Nxh4 Ke7 56.
Nf5+ Ke6 57. Nd4+ Kd5 58. e3 Ke4 59. Kc7 Kxe3 60. Nf5+ Kf4 61. Nd6 f5 62.
Nxf5 Kxf5 63. b6 Kg4 64. b7 Nf3 65. b8=Q Kg3 66. Kc6+ Kf2 67. Kd5 Kg2 68.
Ke4 Kf2 69. Qf8 Kg2 70. Qxf3+ Kg1 71. Qe2 Kh1 72. Kf3 Kg1 73. Qg2#
{Black checkmated}
1-0

[Event "ICC tourney 1955 (60 10)"]
[Site "Internet Chess Club"]
[Date "2020.08.08"]
[Round "5"]
[White "chessKingR"]
[Black "Kokoro"]
[Result "0-1"]
[ICCResult "White resigns"]
[WhiteElo "1835"]
[BlackElo "2187"]
[Opening "Grünfeld: exchange, classical variation"]
[ECO "D87"]
[NIC "GI.05"]
[Time "15:20:17"]
[TimeControl "3600+10"]

1. d4 Nf6 2. c4 g6 3. Nc3 d5 4. cxd5 Nxd5 5. e4 Nxc3 6. bxc3 Bg7 7. Bc4 c5
8. Be3 Nc6 9. Ne2 O-O 10. O-O Qc7 11. Rc1 Rd8 12. Qd2 Ne5 13. Bd5 e6 14.
dxe5 exd5 15. exd5 Bxe5 16. f4 Bg7 17. c4 Re8 18. Bf2 b6 19. Rfe1 f5 20. Ng3
Ba6 21. Ne2 Qd7 22. Qc2 Re4 23. Qb3 Rae8 24. Kf1 b5 25. Qa3 Qb7 26. Ng3
Rxe1+ 27. Rxe1 Rxe1+ 28. Bxe1 b4 29. Qd3 Bd4 30. Qe2 Kf8 31. Bf2 Qg7 32. d6
Bxf2 33. Qe6 Bd4 34. Ne2 Qf7 35. Nxd4 Bxc4+ {White resigns} 0-1

[Event "ICC tourney 1955 (60 10)"]
[Site "Internet Chess Club"]
[Date "2020.08.08"]
[Round "5"]
[White "myqueen"]
[Black "omegablitz"]
[Result "1/2-1/2"]
[ICCResult "Game drawn by mutual agreement"]
[WhiteElo "1993"]
[BlackElo "1759"]
[Opening "Sicilian: Nimzovich-Rossolimo attack (with ...g6, without ...d6)"]
[ECO "B31"]
[NIC "SI.31"]
[Time "15:19:55"]
[TimeControl "3600+10"]

1. e4 c5 2. Nf3 Nc6 3. Bb5 g6 4. Bxc6 bxc6 5. d4 Bg7 6. O-O cxd4 7. Nxd4 Nf6
8. Nc3 O-O 9. Be3 Ba6 10. Re1 Rb8 11. Nb3 Qc7 12. e5 Ne8 13. Bc5 d6 14. exd6
exd6 15. Bd4 Nf6 16. Qf3 Nd7 17. Bxg7 Kxg7 18. Ne4 c5 19. Qc3+ Kg8 20. Rad1
Rb6 21. a4 Bb7 22. a5 Ra6 23. Nf6+ Nxf6 24. Qxf6 Qc6 25. f3 c4 26. Nd4 Qc5
27. Kh1 d5 28. Qe7 Qxe7 29. Rxe7 Ba8 30. b4 cxb3 31. Nxb3 Rc8 32. h3 Kg7 33.
Rd2 Kf6 34. Rde2 h5 35. h4 Kg7 36. Rd7 Bc6 37. Rd6 Bb5 38. Rxa6 Bxa6 39. Re7
Rxc2 40. Rxa7 Bf1 41. Nd4 Rxg2 42. Rd7 Ra2 43. Rxd5 Kf6 44. Rc5 Rd2 45. Nc6
Bg2+ 46. Kg1 Bxf3 47. a6 Bxc6 48. Rxc6+ Kg7 49. a7
{Game drawn by mutual agreement}
1/2-1/2

[Event "ICC tourney 1955 (60 10)"]
[Site "Internet Chess Club"]
[Date "2020.08.08"]
[Round "5"]
[White "chessrex"]
[Black "dzchess01"]
[Result "1/2-1/2"]
[ICCResult "Game drawn by mutual agreement"]
[WhiteElo "1992"]
[BlackElo "1845"]
[Opening "Paleface attack"]
[ECO "A45"]
[NIC "QP.07"]
[Time "15:20:39"]
[TimeControl "3600+10"]

1. d4 Nf6 2. f3 e6 3. e4 d5 4. Be3 dxe4 5. Nd2 exf3 6. Ngxf3 Nbd7 7. Bd3 Nd5
8. Qe2 Be7 9. O-O Nxe3 10. Qxe3 O-O 11. c3 c5 12. Rae1 cxd4 13. cxd4 Nf6 14.
Ne5 Bd7 15. Ne4 Bc6 16. Nxc6 bxc6 17. Rc1 Rc8 18. Nxf6+ Bxf6 19. Rc4 g6 20.
Be4 Rc7 21. Kh1 Rd7 22. Rxc6 Rxd4 23. Rc2 Rd1 24. Qe2 Rxf1+ 25. Qxf1 Qd4 26.
Bf3 Rb8 27. b3 Rd8 28. g3 Qd3 29. Re2 Bd4 30. Kg2 Bb6 31. Qe1 h5 32. h4 Rc8
33. Rxe6 Rc2+ 34. Re2 {Game drawn by mutual agreement} 1/2-1/2

[Event "ICC tourney 1955 (60 10)"]
[Site "Internet Chess Club"]
[Date "2020.08.08"]
[Round "5"]
[White "xyzchessdude"]
[Black "albli"]
[Result "1-0"]
[ICCResult "Black resigns"]
[WhiteElo "2052"]
[BlackElo "1758"]
[Opening "English: Neo-Catalan declined"]
[ECO "A14"]
[NIC "RE.09"]
[Time "15:21:14"]
[TimeControl "3600+10"]

1. Nf3 Nf6 2. c4 e6 3. g3 d5 4. Bg2 Be7 5. O-O O-O 6. b3 d4 7. e3 c5 8. Bb2
Nc6 9. exd4 cxd4 10. Re1 a5 11. Na3 Bc5 12. d3 Re8 13. Nc2 e5 14. a3 Qb6 15.
b4 axb4 16. axb4 Rxa1 17. Qxa1 Bxb4 18. Rb1 Qc5 19. Nxb4 Qxb4 20. Bxd4 Qd6
21. Bc3 Qxd3 22. Rd1 Qxc4 23. Nxe5 Nxe5 24. Bxe5 b5 25. Bf1 Qc6 26. Rc1 Qb6
27. Bd4 Qb7 28. Bg2 Ne4 29. Bxg7 Bf5 30. Bh8 f6 31. Bxf6 Qf7 32. Bd4 Ng5 33.
h4 Nh3+ 34. Kh2 Qe6 35. Qa7 Re7 36. Rc7 {Black resigns} 1-0

[Event "ICC tourney 1955 (60 10)"]
[Site "Internet Chess Club"]
[Date "2020.08.08"]
[Round "5"]
[White "Heliosis"]
[Black "skywise"]
[Result "1-0"]
[ICCResult "Black resigns"]
[WhiteElo "1881"]
[BlackElo "1718"]
[Opening "Ruy Lopez: 5.O-O"]
[ECO "C78"]
[NIC "RL.12"]
[Time "15:20:46"]
[TimeControl "3600+10"]

1. e4 e5 2. Nf3 Nc6 3. Bb5 a6 4. Ba4 Nf6 5. O-O b5 6. Bb3 Bc5 7. c3 d6 8. d4
Bb6 9. a4 Rb8 10. Re1 Bg4 11. Be3 O-O 12. axb5 axb5 13. Na3 Bxf3 14. gxf3
Qd7 15. d5 Ne7 16. Bxb6 Rxb6 17. Kh1 Ng6 18. Nc2 Qh3 19. Rg1 Nh5 20. Ne3 Nh4
21. Rg3 Nxg3+ 22. fxg3 Ng6 23. Ra7 Qd7 24. Kg2 Rfb8 25. Qa1 Qd8 26. Nc2 R6b7
27. Ra6 Rc8 28. Qc1 Ra8 29. Qa1 Rxa6 30. Qxa6 Rb6 31. Qa5 Qc8 32. Nb4 Ne7
33. Bc2 Qb7 34. Bb3 c5 35. dxc6 Nxc6 36. Nxc6 Qxc6 37. Bd5 Qc7 38. h4 g6 39.
g4 Kg7 40. Kh2 Qc5 41. Kg2 b4 42. Qa7 Qxd5 43. exd5 Rb5 44. c4 Rc5 45. b3
{Black resigns}
1-0

[Event "ICC tourney 1955 (60 10)"]
[Site "Internet Chess Club"]
[Date "2020.08.08"]
[Round "5"]
[White "GoatsRock"]
[Black "orangeman"]
[Result "0-1"]
[ICCResult "White resigns"]
[WhiteElo "1558"]
[BlackElo "1999"]
[Opening "Queen's pawn: stonewall attack"]
[ECO "D00"]
[NIC "QP.08"]
[Time "15:20:16"]
[TimeControl "3600+10"]

1. d4 d5 2. e3 Nf6 3. Bd3 Bg4 4. Nf3 e6 5. Nbd2 Be7 6. O-O O-O 7. c3 c5 8.
b3 Nc6 9. Qe1 Rc8 10. Bb2 cxd4 11. exd4 Re8 12. Ne5 Nxe5 13. dxe5 Nd7 14. f4
Bh4 15. g3 Be7 16. Nf3 Bh3 17. Rf2 Bc5 18. Nd4 Nb8 19. Qe2 Bf5 20. Kg2 Bxd3
21. Qxd3 Nc6 22. Rc2 Bxd4 23. cxd4 Nb4 24. Rxc8 Nxd3 25. Rxd8 Rxd8 26. Ba3
Rc8 27. Rd1 Rc2+ 28. Kf3 Rxa2 29. Be7 Nf2 30. Re1 Rc2 31. Re2 Rxe2 32. Kxe2
Ne4 33. Bb4 f6 34. f5 Kf7 35. g4 g6 36. h4 gxf5 37. exf6 fxg4 38. Be7 Nxf6
39. Bd6 Kg6 40. Ke3 Kf5 41. Bf4 h5 42. b4 b5 43. Be5 Ne4 44. Bf4 Nc3 45. Be5
Na4 46. Bf4 Nb6 47. Bg3 Nc4+ 48. Kd3 a5 49. bxa5 Nxa5 50. Be5 Nc6 51. Bg3 b4
{White resigns}
0-1